 Dungeon Crawl Stone Soup version 0.16.1-28-gcc2312f (webtiles) character file.

145 SirLight the Cudgeler (level 5, -2/32 HPs)
             Began as a Gargoyle Fighter on May 26, 2015.
             Killed from afar by Natasha (5 damage)
             ... with a wand of magic darts
             ... on level 3 of the Dungeon.
             The game lasted 00:03:59 (1635 turns).

SirLight the Cudgeler (Gargoyle Fighter)            Turns: 1635, Time: 00:03:59

Health: -2/32      AC: 10    Str: 19    XL:     5   Next: 27%
Magic:  5/5        EV:  7    Int:  9    God:
Gold:   131        SH:  9    Dex: 10    Spells: 0 memorised, 4 levels left

rFire  . . .     SeeInvis .     a - +0 flail
rCold  . . .     Clarity  .     b - +0 scale mail
rNeg   + . .     SustAb   .     c - +0 shield
rPois  ∞         Gourm    .     (no helmet)
rElec  +         Spirit   .     (no cloak)
rCorr  .         Warding  .     (no gloves)
rMut   .         Stasis   .     (no boots)
MR     .....                    (no amulet)
Stlth  ..........               (no ring)
                                (no ring)

@: slowed, very slow, not resistant to hostile enchantments, extremely
unstealthy
A: negative energy resistance 1, electricity resistance, unbreathing,
petrification resistance, rot immunity, AC +4
a: no special abilities


You were on level 3 of the Dungeon.
You were hungry.

You visited 1 branch of the dungeon, and saw 3 of its levels.

You collected 131 gold pieces.

Inventory:

Hand weapons
 a - a +0 flail (weapon)
Armour
 b - a +0 scale mail (worn)
 c - a +0 shield (worn)
Scrolls
 j - a scroll of enchant armour {unknown}
 k - a scroll of remove curse {unknown}
 l - 2 scrolls of amnesia {unknown}
 o - a scroll of immolation {unknown}
 q - a scroll of identify {unknown}
 r - a scroll of recharging {unknown}
 s - a scroll of blinking {unknown}
Potions
 e - a potion of might
 f - a potion of agility {unknown}
 g - 2 potions of heal wounds {unknown}
 h - 3 potions of curing {unknown}
 i - 3 potions of lignification {unknown}
 m - a potion of poison {unknown}
 t - a potion of magic {unknown}
 u - a potion of flight {unknown}
Books
 n - a book of Burglary

   Spells                             Type                      Level
   a - Swiftness                      Charms/Air                   2
   b - Passwall                       Transmutation/Earth          3
   c - Passage of Golubria            Translocation                4
   d - Lee's Rapid Deconstruction     Earth                        5
   e - Invisibility                   Hexes                        6
   f - Darkness                       Hexes                        7
Comestibles
 d - 3 bread rations
 p - a meat ration


   Skills:
 - Level 3.2 Fighting
 + Level 5.3 Maces & Flails
 - Level 3.2 Armour
 - Level 3.2 Shields


You had 4 spell levels left.
You didn't know any spells.

Dungeon Overview and Level Annotations

Branches:
Dungeon (3/15)

Altars:
Cheibriados

Annotations:
D:3 Natasha


Innate Abilities, Weirdness & Mutations

You are resistant to torment.
You are immune to poison.
Your stone body is very resilient (AC +4).
You resist negative energy.
You are resistant to electric shocks.
You can survive without breathing.
You are immune to petrification.
You are immune to rotting.


Message History

Natasha is lightly wounded.
Natasha claws you. The iron imp hits you!
* * * LOW HITPOINT WARNING * * *
You hit Natasha but do no damage.
Natasha is lightly wounded.
Natasha claws you but does no damage.
The iron imp hits you but does no damage.
You sock Natasha!
Natasha is severely wounded.
Natasha stares at you and mumbles some strange words.
You feel yourself slow down. The iron imp hits you.
* * * LOW HITPOINT WARNING * * *
Natasha casts a spell at you. The magic dart hits you!
* * * LOW HITPOINT WARNING * * *
Natasha stares at you and mumbles some strange words.
You resist with some effort.
Natasha mumbles some strange words.
Natasha zaps a wand.
The magic dart hits you!
You die...

######## ##...<..##
#........# ####
#........# ##...##
#........###.....##
##........@5......#
#.#######........#
# #.# #.......$#
##### #.#
##..h5.(.# ....#
#.# ##.....## ##..#
#.# ##...## #...#
#.# #.## ....# #.#
># #...## #.# .#


You could see an iron imp, Natasha and a shadow imp.

Vanquished Creatures
  Ijyb (D:2)
  6 adders
  A worm (D:2)
  6 orcs (D:3)
  A ball python (D:1)
  A giant cockroach (D:3)
  3 goblins (D:2)
  7 hobgoblins
  2 jackals (D:1)
  15 kobolds
  A quokka (D:2)
  5 bats
  2 giant geckos
  2 giant newts (D:3)
  11 rats
64 creatures vanquished.

Notes
Turn   | Place    | Note
--------------------------------------------------------------
     0 | D:1      | SirLight, the Gargoyle Fighter, began the quest for the Orb.
     0 | D:1      | Reached XP level 1. HP: 14/14 MP: 1/1
   310 | D:1      | Reached XP level 2. HP: 17/19 MP: 2/2
   793 | D:2      | Found a snail-covered altar of Cheibriados.
   805 | D:2      | Reached XP level 3. HP: 16/23 MP: 3/3
   884 | D:2      | Noticed Ijyb
   895 | D:2      | Killed Ijyb
   895 | D:2      | Reached skill level 4 in Maces & Flails
   895 | D:2      | Reached XP level 4. HP: 18/28 MP: 4/4
  1395 | D:3      | Reached skill level 5 in Maces & Flails
  1395 | D:3      | Reached XP level 5. HP: 27/32 MP: 5/5
  1623 | D:3      | Noticed Natasha
  1635 | D:3      | Killed from afar by Natasha

Action                   |  1- 3 |  4- 6 || total
-------------------------+-------+-------++-------
Melee: Flail             |    74 |   143 ||   217
  Eat: Chunk             |       |     2 ||     2
